 Dungeon Crawl Stone Soup version 0.19.1 (webtiles) character file.

181 Wad the Gusty (level 5, 0/36 HPs)
             Began as a Draconian Air Elementalist on Nov 27, 2016.
             Slain by a scorpion (8 damage)
             ... on level 4 of the Dungeon.
             The game lasted 00:38:49 (2638 turns).

Wad the Gusty (Draconian Air Elementalist)          Turns: 2638, Time: 00:38:50

Health: 0/36       AC:  9    Str: 11    XL:     5   Next: 34%
Magic:  7/7        EV: 13    Int: 15    God:
Gold:   196        SH:  0    Dex: 12    Spells: 1 memorised, 8 levels left

rFire  + . .     SeeInvis .     A - +0 short sword
rCold  . . .     Gourm    .     (armour unavailable)
rNeg   . . .     Faith    .     (no shield)
rPois  .         Spirit   .     (helmet restricted)
rElec  .         Reflect  .     (no cloak)
rCorr  .         Harm     .     (no gloves)
MR     .....                    (no boots)
Stlth  ++........               (no amulet)
                                (no ring)
                                i - +4 ring of protection

@: lethally poisoned (0 -> -4)
A: unfitting armour, fire resistance 1, frail 1, low mp 1, wild magic 1,
cold-blooded, AC +5
a: no special abilities


You were on level 4 of the Dungeon.
You were near starving.

You visited 1 branch of the dungeon, and saw 4 of its levels.

You collected 196 gold pieces.

Inventory:

Hand Weapons
 g - a +0 club
 m - a +0 hunting sling
 s - a +0 spear
 u - a +0 hand axe
 x - a +0 dagger
 A - a +0 short sword (weapon)
Missiles
 h - 55 stones (quivered)
 n - 58 bolts
 p - 49 poisoned needles
 E - 19 arrows
Armour
 z - a +0 chain mail of cold resistance
Jewellery
 i - a +4 ring of protection (left hand)
Wands
 w - a wand of flame (38/48)
Scrolls
 c - 2 scrolls of identify
 d - a scroll of magic mapping {unknown}
 e - a scroll of noise
 f - a scroll of recharging {unknown}
 t - a scroll of fear
 y - a scroll of random uselessness {unknown}
 C - 2 scrolls of fog
Potions
 q - a potion of agility
Books
 a - a book of Air

   Spells                             Type                      Level
   a - Shock                          Conjuration/Air              1
   b - Swiftness                      Charms/Air                   2
   c - Repel Missiles                 Charms/Air                   2
   d - Static Discharge               Conjuration/Air              3
   e - Lightning Bolt                 Conjuration/Air              5
Comestibles
 b - a bread ration
 v - 5 fruits


   Skills:
 + Level 1.0 Fighting
 + Level 2.0 Short Blades
 + Level 1.1 Maces & Flails
 + Level 3.3 Dodging
 + Level 2.1 Stealth
 + Level 2.5 Spellcasting
 + Level 1.2 Conjurations
 + Level 3.5 Air Magic


You had 8 spell levels left.
You knew the following spells:

 Your Spells              Type           Power        Failure   Level  Hunger
a - Shock                 Conj/Air       ##..         14%         1    #......


Dungeon Overview and Level Annotations

Branches:
Dungeon (4/15)
 Temple: D:4-7

Altars:
Elyvilon


Innate Abilities, Weirdness & Mutations

Your plain brown scales are hard. (AC +5)
You cannot fit into any form of body armour.
You are cold-blooded and may be slowed by cold attacks.
Your flesh is heat resistant. (rF+)
You are frail. (-10% HP)
Your magical capacity is low. (-10% MP)
Your spells are a little harder to cast, but a little more powerful.


Message History

You feel sick. The scorpion stings you.
You hit the scorpion.
The scorpion is severely wounded.
You feel sick.
The scorpion stings you but does no damage.
You hit the scorpion but do no damage.
The scorpion is severely wounded.
The scorpion barely misses you.
You closely miss the scorpion.
You tail-slap the scorpion, but do no damage.
The scorpion is severely wounded.
You feel sick. The scorpion closely misses you.
You barely miss the scorpion.
The scorpion is severely wounded.
The scorpion stings you.
* * * LOW HITPOINT WARNING * * *
You hit the scorpion.
The scorpion is almost dead.
The scorpion stings you!
You die...

###############################
................@s............#
#########################...#...#
##.#.# #.. ##..#... # #### ....#
#..####.# .... ....# #....## ...
..# #..... ....### ... ..#
#.....> ... ... ..# ....... .. ..


You could see a scorpion.

Vanquished Creatures
  2 centaur skeletons (D:3)
  A worker ant (D:4)
  4 adders
  An ooze (D:2)
  3 leopard geckos
  An orc (D:3)
  8 bats
  4 giant cockroaches
  5 goblins
  8 hobgoblins
  4 jackals (D:1)
  A ball python (D:1)
  4 frilled lizards
  5 kobolds
  A quokka skeleton (D:4)
  4 rats
56 creatures vanquished.

Notes
Turn   | Place    | Note
-------+----------+-------------------------------------------
     0 | D:1      | Wad the Draconian Air Elementalist began the quest for the Orb.
     0 | D:1      | Reached XP level 1. HP: 14/14 MP: 3/3
   211 | D:1      | Reached XP level 2. HP: 13/20 MP: 5/5
   982 | D:1      | qdfkbvqdf
  1236 | D:2      | Reached XP level 3. HP: 26/26 MP: 6/6
  1362 | D:2      | Reached skill level 1 in Maces & Flails
  1669 | D:3      | Gained mutation: Your magical capacity is low. (-10% MP) [potion of mutation]
  1669 | D:3      | Gained mutation: Your spells are a little harder to cast, but a little more powerful. [potion of mutation]
  1669 | D:3      | Gained mutation: You are clumsy. (Dex -2) [potion of mutation]
  1670 | D:3      | Lost mutation: You are clumsy. (Dex -2) [potion of mutation]
  1670 | D:3      | Gained mutation: Your flesh is heat resistant. (rF+) [potion of mutation]
  1670 | D:3      | Gained mutation: You are frail. (-10% HP) [potion of mutation]
  1803 | D:3      | Reached XP level 4. HP: 12/30 MP: 4/6
  1842 | D:3      | Reached skill level 1 in Short Blades
  1846 | D:3      | Found a white marble altar of Elyvilon.
  2003 | D:3      | Reached XP level 5. HP: 30/35 MP: 7/7
  2560 | D:4      | Reached skill level 1 in Fighting
  2638 | D:4      | Slain by a scorpion

Skill      XL: |  1  2  3  4  5 |
---------------+----------------+-----
Dodging        | 2 3 |  3.3
Stealth        | 2 |  2.1
Maces & Flails | 1 |  1.1
Short Blades   | 1 2 |  2.0
Fighting       | 1 |  1.0
Spellcasting   | |  2.5
Conjurations   | |  1.2
Air Magic      | |  3.5

Action                   |  1- 3 |  4- 6 || total
-------------------------+-------+-------++-------
Melee: Unarmed           |    26 |       ||    26
       Mace              |    60 |       ||    60
       Tailslap          |    23 |     8 ||    31
       Dagger            |   101 |       ||   101
       Short sword       |    25 |    85 ||   110
Throw: Stone             |     1 |       ||     1
 Cast: Shock             |     6 |     7 ||    13
  Use: Scroll            |     8 |       ||     8
       Potion            |     3 |       ||     3
 Stab: Sleeping          |     1 |     1 ||     2
  Eat: Bread ration      |     1 |       ||     1
Armor: Skin              |   104 |    33 ||   137
Dodge: Dodged            |   152 |    56 ||   208
